 Dungeon Crawl Stone Soup version 0.30.1-3-gfc49f6343a (webtiles) character file.

Game seed: 9058981720192891518

490 spardeous the Conjurer (level 6, 0/45 HPs)
             Began as a Demigod Conjurer on Aug 2, 2023.
             Succumbed to an adder's poison
             ... on level 4 of the Dungeon.
             The game lasted 00:08:00 (4970 turns).

spardeous the Conjurer (Demigod Conjurer)           Turns: 4970, Time: 00:08:01

Health: 0/45       AC:  4    Str:  8    XL:     6   Next: 59%
Magic:  13/15      EV: 11    Int: 28    God:
Gold:   145        SH:  0    Dex: 12    Spells: 6/13 levels left

rFire   . . .        j - +0 sling
rCold   . . .        (no shield)
rNeg    . . .        k - +0 leather armour
rPois   .            (no helmet)
rElec   .            u - +0 cloak
rCorr   .            (no gloves)
SInv    .            (no boots)
Will    .....        (no amulet)
Stlth   ++           (no ring)
HPRegen 0.27/turn    (no ring)
MPRegen 0.14/turn

%: no passive effects
@: lethally poisoned (0 -> -6), hasted, very quick
A: high MP 1, forlorn, divine attributes
a: no special abilities


You were on level 4 of the Dungeon.
You visited 1 branch of the dungeon, and saw 4 of its levels.
You also visited: Sewer.

You collected 145 gold pieces.

Inventory:

Hand Weapons
 j - a +0 sling (weapon)
Armour
 a - a +0 robe
 k - a +0 leather armour (worn)
 u - a +0 cloak (worn)
Scrolls
 d - 5 scrolls of identify {unknown}
 e - a scroll of teleportation {unknown}
 h - a scroll of silence {unknown}
 o - 2 scrolls of fog {unknown}
 p - 2 scrolls of enchant weapon {unknown}
 t - a scroll of vulnerability {unknown}
Potions
 c - 2 potions of might
 f - 3 potions of curing {unknown}
 g - 2 potions of lignification {unknown}
 i - 3 potions of haste
 l - 3 potions of heal wounds {unknown}
 m - a potion of mutation {unknown}
 n - a potion of cancellation {unknown}
 q - 2 potions of resistance {unknown}
 r - 3 potions of attraction {unknown}
 s - a potion of flight {unknown}


   Skills:
 - Level 1.7 Dodging
 - Level 1.7 Stealth
 + Level 4.0 Spellcasting
 - Level 6.0 Conjurations
 + Level 2.0 Translocations


You had 6 spell levels left.
You knew the following spells:

 Your Spells              Type           Power      Damage    Failure   Level
a - Magic Dart            Conj           100%       1d8       1%          1
b - Searing Ray           Conj           78%        2d7       1%          2
c - Iskenderun's Mystic   Conj/Tloc      28%        2d7       21%         4

Your spell library contained the following spells:

 Spells                   Type           Power      Damage    Failure   Level
 Dazzling Flash           Conj/Hex       44%        N/A       10%         3
 Fulminant Prism          Conj/Hex       11%        3d9       30%         4


Dungeon Overview and Level Annotations

Branches:
Dungeon (4/15)              Sewer (visited)
 Temple: D:4-7


Innate Abilities, Weirdness & Mutations

You have an increased reservoir of magic. (+10% MP)
You shall have no god before yourself.
Your divine heritage dramatically boosts your attributes as you level up.


Message History

Your Spellcasting skill increases to level 4!
Your Translocations skill increases to level 2!
You now have 1/15 mp.
The adder attacks as you move away! The adder bites you but does no damage.
The adder bites you.
* * * LOW HITPOINT WARNING * * *
You take 2 damage, and have 8/45 hp.
The adder attacks as you move away! The adder bites you but does no damage.
The adder attacks as you move away! The adder bites you but does no damage.
The adder bites you.
* * * LOW HITPOINT WARNING * * *
You take 3 damage, and have 6/45 hp.
Casting: Searing Ray (safe; 1% risk of failure)
Confirm with . or Enter, or press ? or * to list all spells.
Aiming: Searing Ray (safe; 1% risk of failure)
Press: ? - help, Shift-Dir - straight line, f - adder
Aim: an adder (68% to hit)
Okay, then.
Magic courses through your body. The adder bites you.
* * * LOW HITPOINT WARNING * * *
You take 3 damage, and have 3/45 hp.
MP restored: 15
Casting: Searing Ray (safe; 1% risk of failure)
Confirm with . or Enter, or press ? or * to list all spells.
Aiming: Searing Ray (safe; 1% risk of failure)
Press: ? - help, Shift-Dir - straight line, f - gnoll
Aim: a gnoll, wielding a +0 club (83% to hit)
The searing ray hits the adder!
The adder is severely wounded.
The searing ray hits the gnoll.
The gnoll is moderately wounded. (Press . to maintain the ray.)
The adder bites you.
* * * LOW HITPOINT WARNING * * *
You are lethally poisoned!
The adder poisons you!
You take 2 damage, and have 1/45 hp.
You now have 13/15 mp.
Unknown command.
It was a potion of haste.
You feel yourself speed up.
You die...

...........##.#..#†........
..........###....†.........
##........# #....##........
##.......####....#........
##........#..............
##...<)................. #
#..........####....#...
.#######>#.....####....##.
..#.....######gS@...#..#
........#≈....###...#...
........#≈....# ......#
........#≈....# .......
........#≈≈≈≈≈# ...####
.<......'##### ####
..#..........#
..###........#
...###....####


You could see a gnoll and an adder.

Vanquished Creatures
  An ogre (D:4)
  2 kobold brigands (Sewer)
  A hound (D:4)
  An orc wizard (D:3)
  2 gnolls (D:4)
  3 river rats (Sewer)
  5 adders
  3 worms
  13 orcs
  8 endoplasms
  3 giant cockroaches
  8 goblins
  3 hobgoblins
  10 jackals
  8 kobolds
  A quokka (D:1)
  19 ball pythons
  10 bats
  8 frilled lizards
  12 rats
121 creatures vanquished.

Notes
Turn   | Place    | Note
-------+----------+-------------------------------------------
     0 | D:1      | spardeous the Demigod Conjurer began the quest for the Orb.
     0 | D:1      | Reached XP level 1. HP: 14/14 MP: 5/5
   347 | D:1      | Reached XP level 2. HP: 20/20 MP: 5/7
   386 | D:1      | Reached skill level 4 in Conjurations
  1483 | D:2      | Reached XP level 3. HP: 26/26 MP: 5/9
  1659 | D:2      | Learned a level 2 spell: Searing Ray
  2490 | D:2      | Reached XP level 4. HP: 33/33 MP: 8/10
  2965 | D:3      | Learned a level 4 spell: Iskenderun's Mystic Blast
  3013 | D:3      | Reached skill level 5 in Conjurations
  3057 | D:3      | Found a glowing drain.
  3068 | Sewer    | Entered a sewer
  3405 | Sewer    | Noticed a kobold brigand
  3416 | Sewer    | Killed a kobold brigand
  3417 | Sewer    | Reached XP level 5. HP: 21/38 MP: 3/12
  3890 | Sewer    | Reached skill level 6 in Conjurations
  4406 | D:3      | Reached XP level 6. HP: 45/45 MP: 10/14
  4894 | D:4      | Reached skill level 1 in Translocations
  4969 | D:4      | HP: 1/45 [adder (2)]
  4970 | D:4      | Succumbed to an adder's poison

Illustrated notes

Levels and vault maps discovered:
D:1:      lemuel_arrival_tunnels, layout_basic, due_unseen_surprise
D:2:      layout_loops_ring
D:3:      minmay_skewed_foursquare, layout_rooms, cheibrodos_sewer_entry_sluice
D:4:      layout_cave_pools, mainiacjoe_overflow_big_doors, serial_rivers,
          chequers_serial_rivers_marsh, chequers_serial_rivers_micro_c,
          chequers_serial_rivers_room_a, chequers_serial_rivers_large_b,
          chequers_serial_rivers_small_a, uniq_menkaure

Skill      XL: |  1  2  3  4  5  6 |
---------------+-------------------+-----
Spellcasting   | 2 3 4 |  4.0
Conjurations   | 4 5 6 |  6.0
Translocations | 2 |  2.0
Dodging        | |  1.7
Stealth        | |  1.7

Action                     |  1- 3 |  4- 6 || total
---------------------------+-------+-------++-------
   Fire: Sling             |    44 |    28 ||    72
   Cast: Magic Dart        |   136 |   104 ||   240
         Searing Ray       |       |    12 ||    12
    Use: Potion            |       |     2 ||     2
 Armour: Robe              |     2 |       ||     2
         Leather armour    |     6 |    17 ||    23
  Dodge: Dodged            |    47 |    57 ||   104
